 Dungeon Crawl Stone Soup version 0.28-a0-687-gb91baff9cc (webtiles) character file.

Game seed: 201078157930827585

959 pokeman the Thaumaturge (level 7, -3/38 HPs)
             Began as a Deep Elf Hedge Wizard on Oct 19, 2021.
             Slain by an angel (4 damage)
             ... on level 1 of the Abyss.
             The game lasted 00:17:56 (7336 turns).

pokeman the Thaumaturge (Deep Elf Hedge Wizard)     Turns: 7336, Time: 00:17:57

Health: -3/38      AC:  5    Str:  7      XL:     7   Next: 91%
Magic:  21/21      EV: 13    Int: 19 (21) God:
Gold:   50         SH:  0    Dex: 14      Spells: 8/23 levels left

rFire   + . .      SeeInvis .   r - staff of fire
rCold   . . .      Faith    .   (no shield)
rNeg    . . .      Spirit   .   h - +1 animal skin
rPois   .          Reflect  .   n - +2 hat
rElec   .          Harm     .   (no cloak)
rCorr   .          Rampage  .   (no gloves)
Will    .....                   (no boots)
Stlth   +.........              (no amulet)
HPRegen 0.12/turn               (no ring)
MPRegen 0.17/turn               (no ring)

@: glowing
A: no striking features
a: no special abilities


You were on level 1 of the Abyss.
You visited 1 branch of the dungeon, and saw 5 of its levels.
You visited the Abyss 1 time.

You collected 169 gold pieces.
You spent 119 gold pieces at shops.

Inventory:

Missiles
 b - 39 arrows
Armour
 h - a +1 animal skin (worn)
 n - a +2 hat (worn)
Magical Staves
 f - a staff of cold
 r - a staff of fire (weapon)
Jewellery
 m - an amulet of guardian spirit
Wands
 s - a wand of digging (3)
 u - a wand of acid (4)
Scrolls
 c - a scroll of silence {unknown}
 e - a scroll of teleportation
 j - 2 scrolls of identify
 k - a scroll of immolation {unknown}
 p - a scroll of noise {unknown}
 q - a scroll of magic mapping
 t - a scroll of acquirement {unknown}
 v - 3 scrolls of fear {unknown}
 w - a scroll of holy word {unknown}
Potions
 a - 2 potions of degeneration {unknown}
 d - a potion of mutation {unknown}
 g - a potion of heal wounds {unknown}
 i - a potion of lignification {unknown}
 l - a potion of resistance {unknown}
 o - a potion of invisibility {unknown}


   Skills:
 + Level 1.5 Fighting
 - Level 1.0 Armour
 - Level 4.0 Dodging
 - Level 3.0 Stealth
 * Level 8.8 Spellcasting
 + Level 4.4 Conjurations
 - Level 1.1 Summonings
 - Level 1.1 Translocations
 + Level 2.6 Fire Magic
 - Level 1.3 Ice Magic
 - Level 1.0 Air Magic
 - Level 1.0 Poison Magic
 - Level 1.1 Evocations


You had 8 spell levels left.
You knew the following spells:

 Your Spells              Type           Power      Damage    Failure   Level
a - Magic Dart            Conj           100%       1d8       1%          1
b - Mephitic Cloud        Conj/Pois/Air  16%        N/A       11%         3
c - Call Imp              Summ           12%        N/A       9%          2
d - Blink                 Tloc           N/A        N/A       9%          2
e - Conjure Flame         Conj/Fire      32%        6-21      6%          3
f - Shock                 Conj/Air       72%        1d7       2%          1
g - Swiftness             Air            12%        N/A       17%         3

Your spell library contained the following spells:

 Spells                   Type           Power      Damage    Failure   Level
 Slow                     Hex            8%         N/A       13%         2
 Airstrike                Air            6%         N/A       50%         4


Dungeon Overview and Level Annotations

Branches:
Dungeon (5/15)
 Temple: D:4-7

Altars:
Kikubaaqudgha
Ru
The Shining One

Shops:
D:4 ?


Message History

Casting: Magic Dart (safe; 1% risk of failure)
Confirm with . or Enter, or press ? or * to list all spells.
A beastly little devil appears in a puff of flame.
The ynoxinul gestures.
A dread lich comes into view.
The dread lich mumbles some strange words.
Send 'em back where they came from!
Your crimson imp disappears in a puff of smoke!
A flying skull comes into view.
The ynoxinul gestures.
The ufetubus barely misses you. The ufetubus closely misses you.
A large abomination comes into view.
As you read the scroll of teleportation, it crumbles to dust.
You feel strangely unstable.
You feel the power of the Abyss delaying your translocation!
The ufetubus misses you. The ufetubus completely misses you.
The ufetubus hits you. The ufetubus completely misses you.
Unknown command.
The ufetubus closely misses you. x2
The ufetubus barely misses you.
The ufetubus hits you but does no damage.
The ufetubus misses you. The ufetubus barely misses you.
The ufetubus hits you but does no damage.
The ufetubus barely misses you. The ufetubus misses you.
The ufetubus closely misses you. The ufetubus misses you.
The ufetubus hits you.
You are suddenly pulled into a different region of the Abyss!
The ufetubus disappears in a puff of smoke!
Found a gateway leading deeper into the Abyss.
You start resting.
A fire bat comes into view.
The fire bat moves out of view.
An angel comes into view. It is wielding a +1 whip of holy wrath.
The angel shouts!
The angel hits you with a +1 whip of holy wrath!
The angel hits you with a +1 whip of holy wrath.
The angel hits you with a +1 whip of holy wrath!!
* * * LOW HITPOINT WARNING * * *
The angel hits you with a +1 whip of holy wrath.
You die...

.. # #.#.. . # #.
# #.###########
#### ... ..
..........#
#.##########.###.#
#..# #.# . .# #.#
# #.# #A# #.# #@#
#A# #.# ## .# ###


You could see an angel.

Vanquished Creatures
  Sigmund (D:2)
  2 ice beasts
  A black bear (D:5)
  A necrophage (D:4)
  A howler monkey (D:4)
  4 bullfrog skeletons (D:5)
  Jessica (D:2)
  Ijyb (D:4)
  A killer bee zombie (D:4)
  A hound skeleton (D:4)
  4 gnolls
  5 adders
  A white imp (Abyss:1)
  An ufetubus (D:5)
  An adder skeleton (D:3)
  2 worms (D:3)
  A dart slug (D:2)
  9 orcs
  13 ball pythons
  3 endoplasms
  3 giant cockroaches
  12 goblins
  9 hobgoblins
  2 jackals (D:3)
  7 kobolds
  5 quokkas
  5 bats
  2 frilled lizards
  5 rats
104 creatures vanquished.

Vanquished Creatures (collateral kills)
  Robin (D:1)
1 creature vanquished.

Grand Total: 105 creatures vanquished

Notes
Turn   | Place    | Note
-------+----------+-------------------------------------------
     0 | D:1      | pokeman the Deep Elf Hedge Wizard began the quest for the
                  | Orb.
     0 | D:1      | Reached XP level 1. HP: 10/10 MP: 7/7
   394 | D:1      | Reached XP level 2. HP: 15/15 MP: 1/9
   740 | D:1      | Found a faded altar of an unknown god.
   809 | D:1      | Reached skill level 5 in Spellcasting
  1079 | D:1      | Reached XP level 3. HP: 20/20 MP: 7/11
  1083 | D:1      | Learned a level 3 spell: Mephitic Cloud
  1086 | D:1      | Learned a level 2 spell: Call Imp
  1089 | D:1      | Learned a level 2 spell: Blink
  1093 | D:1      | Learned a level 3 spell: Conjure Flame
  1695 | D:2      | Reached skill level 1 in Fighting
  1695 | D:2      | Reached skill level 1 in Armour
  2036 | D:2      | Reached XP level 4. HP: 25/25 MP: 8/13
  2290 | D:2      | Noticed Sigmund
  2290 | D:2      | Noticed Robin
  2365 | D:1      | Killed Robin
  2720 | D:2      | Killed Sigmund
  2721 | D:2      | Reached skill level 6 in Spellcasting
  2721 | D:2      | Reached skill level 1 in Fire Magic
  2721 | D:2      | Reached XP level 5. HP: 24/29 MP: 0/16
  3102 | D:2      | Reached XP level 6. HP: 34/34 MP: 13/17
  3251 | D:2      | Noticed Jessica
  3256 | D:2      | Killed Jessica
  3517 | D:2      | Found a sacrificial altar of Ru.
  4223 | D:3      | Noticed an ice beast
  4829 | D:3      | Killed an ice beast
  4830 | D:3      | Reached skill level 7 in Spellcasting
  4830 | D:3      | Reached skill level 1 in Ice Magic
  4965 | D:3      | Found a glowing golden altar of the Shining One.
  5461 | D:4      | Found Tynepsa's Magic Scroll Shop.
  5482 | D:4      | Bought a scroll of identify for 28 gold pieces
  5482 | D:4      | Bought a scroll of magic mapping for 49 gold pieces
  5482 | D:4      | Bought a scroll of teleportation for 42 gold pieces
  5608 | D:4      | Reached skill level 1 in Air Magic
  5608 | D:4      | Reached XP level 7. HP: 38/38 MP: 7/20
  5689 | D:4      | Noticed Ijyb
  5738 | D:4      | Killed Ijyb
  5870 | D:4      | Learned a level 1 spell: Shock
  5874 | D:4      | Learned a level 3 spell: Swiftness
  6180 | D:4      | Found an ancient bone altar of Kikubaaqudgha.
  6284 | D:4      | Reached skill level 8 in Spellcasting
  6444 | D:5      | Entered Level 5 of the Dungeon
  6627 | D:5      | Reached skill level 1 in Poison Magic
  6627 | D:5      | Reached skill level 1 in Evocations
  6979 | D:5      | Cast into level 1 of the Abyss (orc wizard)
  7014 | Abyss:1  | Noticed a neqoxec
  7017 | Abyss:1  | Found a corrupted altar of Lugonu.
  7018 | Abyss:1  | Noticed a starcursed mass
  7028 | Abyss:1  | Noticed an apocalypse crab
  7122 | Abyss:1  | Noticed a small abomination
  7137 | Abyss:1  | Noticed a green death
  7167 | Abyss:1  | Noticed a ynoxinul
  7179 | Abyss:1  | Noticed a dread lich
  7180 | Abyss:1  | Noticed a flying skull
  7183 | Abyss:1  | Noticed a large abomination
  7321 | Abyss:1  | Noticed a fire bat
  7325 | Abyss:1  | Noticed an angel
  7336 | Abyss:1  | HP: 1/38 [angel (18)]
  7336 | Abyss:1  | Slain by an angel

Illustrated notes

Levels and vault maps discovered:
D:1:      grunt_arrival_lava_bath, layout_rooms,
          shapermc_ecumenical_altar_starsandcircs, nrook_loot_triangle
D:2:      layout_basic, basic_altar, uniq_sigmund, uniq_robin, uniq_jessica
D:3:      layout_loops_corners, tso_altar, corner_web_ring
D:4:      layout_gridville, lemuel_crystal_altar, serial_shops, shop,
          minmay_misc_feat_four_crosses, uniq_ijyb
D:5:      layout_basic, minmay_temple_entry_tees, ebering_ghost_disaster_area,
          uniq_pikel
Abyss:1:  base: D:5, guppyfry_abyss_exit_imp_island, evilmike_abyss_exit_3

Skill      XL: |  1  2  3  4  5  6  7 |
---------------+----------------------+-----
Spellcasting   | 5 6 7 8 |  8.8
Fighting       | 1 |  1.5
Armour         | 1 |  1.0
Conjurations   | 2 3 4 |  4.4
Dodging        | 3 4 |  4.0
Fire Magic     | 1 2 |  2.6
Ice Magic      | 1 |  1.3
Stealth        | 3 |  3.0
Air Magic      | 1 |  1.0
Poison Magic   | 1 |  1.0
Evocations     | 1 |  1.1
Summonings     | |  1.1
Translocations | |  1.1

Action                   |  1- 3 |  4- 6 |  7- 9 || total
-------------------------+-------+-------+-------++-------
Melee: Dagger            |     9 |       |       ||     9
       Staff             |     2 |    19 |    28 ||    49
 Cast: Magic Dart        |    89 |   163 |    12 ||   264
       Blink             |    19 |       |     1 ||    20
       Mephitic Cloud    |     1 |     3 |     4 ||     8
       Conjure Flame     |     1 |     6 |    11 ||    18
       Call Imp          |       |     3 |     1 ||     4
       Shock             |       |       |    48 ||    48
  Use: Scroll            |       |       |     2 ||     2
 Stab: Confused          |       |       |     4 ||     4
Armor: Robe              |     6 |     6 |       ||    12
       Animal skin       |       |     2 |    16 ||    18
Dodge: Dodged            |    25 |    38 |    60 ||   123

Table legend: (Time is in decaauts)
 A = Elapsed time spent in this place.
 B = Non-inter-level travel time spent in this place.
 C = Inter-level travel time spent in this place.
 D = Time resting spent in this place.
 E = Time spent auto-exploring this place.
 F = Levels seen in this place.
 G = Mean time per level.
                   A        B        C        D        E       F      G
               +--------+--------+--------+--------+--------+-----+--------+
         Total |   7349 |   7174 |    175 |    870 |   5110 |   6 | 1224.8 |
       Dungeon |   6992 |   6817 |    175 |    647 |   5110 |   5 | 1398.4 |
         Abyss |    357 |    357 |      0 |    223 |      0 |   1 |  357.0 |
               +--------+--------+--------+--------+--------+-----+--------+

Top non-repeatable levels by time:
     D:2: 1952 daAuts
     D:1: 1950 daAuts
     D:3: 1339 daAuts
     D:4: 1212 daAuts
     D:5: 536 daAuts
 Abyss:1: 357 daAuts
